 Dungeon Crawl Stone Soup version 0.32-a0-163-g159c032296 (webtiles) character file.

Game seed: 7277790761555398787

58 zeratav the Trooper (level 4, -6/49 HPs)
             Began as an Oni Warper on Feb 11, 2024.
             Mangled by Terence
             ... wielding a +0 flail
              (8 damage)
             ... on level 2 of the Dungeon.
             The game lasted 00:01:25 (1187 turns).

zeratav the Trooper (Oni Warper)                    Turns: 1187, Time: 00:01:25

Health: -6/49      AC:  3    Str: 17    XL:     4   Next: 2%
Magic:  7/7        EV:  9    Int: 14    God:
Gold:   68         SH:  5    Dex:  8    Spells: 7/7 levels left

rFire   . . .        a - +0 mace {mace}
rCold   . . .        (no shield)
rNeg    . . .        b - +0 robe
rPois   .            (helmet restricted)
rElec   .            (no cloak)
rCorr   .            (gloves unavailable)
SInv    .            (boots unavailable)
Will    .....        k - amulet of reflection
Stlth   +            (no ring)
HPRegen 0.28/turn    (no ring)
MPRegen 0.10/turn

%: reflection
@: no status effects
A: large, unfitting armour, horns 1, tough skin 1, double potion healing,
drunken brawling
a: no special abilities


You were on level 2 of the Dungeon.
You visited 1 branch of the dungeon, and saw 2 of its levels.

You collected 68 gold pieces.


Innate Abilities, Weirdness & Mutations

You are too large for most types of armour.
You have a pair of small horns on your head.
You have tough skin. (AC +1)
You gain doubled healing and magic from potions.
Whenever you drink a healing potion, you attack all around you.


   Skills:
 + Level 4.3 Fighting
 + Level 3.2 Maces & Flails
 - Level 1.0 Throwing
 - Level 2.1 Dodging
 - Level 2.4 Spellcasting
 - Level 2.6 Translocations


You had 7 spell levels left.
You didn't know any spells.
Your spell library contained the following spells:

 Spells                   Type           Power      Damage    Failure   Level
 Blink                    Tloc           18%        N/A       12%         2
 Lesser Beckoning         Tloc           18%        N/A       12%         2
 Teleport Other           Tloc           9%         N/A       22%         3
 Manifold Assault         Tloc           9%         N/A       58%         4
 Vhi's Electric Charge    Tloc/Air       10%        N/A       78%         4

Inventory:

Hand Weapons
 a - a +0 mace (weapon) {mace}
Missiles
 d - 7 darts of dispersal (quivered) {=fthrowing}
Armour
 b - a +0 robe (worn)
Jewellery
 k - an amulet of reflection (around neck)
   (You found it on level 2 of the Dungeon)
Scrolls
 c - a scroll of blinking {!r}
 e - 4 scrolls of identify {unknown}
 g - a scroll of fog {unknown}
 i - a scroll of poison {unknown}
 j - a scroll of enchant weapon {unknown}
Potions
 f - 2 potions of heal wounds {unknown}
 h - a potion of lignification {unknown}

Dungeon Overview and Level Annotations

Branches:
Dungeon (2/15) Zot: 10775

Altars:

Annotations:
D:2 Terence

.### .# ## ####### #
#######.$...# #
#...........#.. #
#.............. #
............... #
#.......#####.# #
#......r@@.##.# #
#....⌠..##.##.# .
##.......#.##.#### .
#.#.....#.#.....#
#.#..####.#.....#
.......##.#.....#
#.#.##.##.#.....#
#.#..#.##.##.####
#####+#.##.#.##[#..#


You could see Terence and a rat.


Message History

You now have 49 max hp (+10).
Your hp is fully restored (49).
Your mp is fully restored (7).
You barely miss the kobold. The kobold hits you with a +0 dagger.
HP[-2]
You take 2 damage, and now have 47/49 hp.
You hit the kobold. The kobold closely misses you.
The kobold hits you but does no damage.
HP[+1]
You hit the kobold.
You kill the kobold!
The bat hits you but does no damage. You block the bat's attack.
You hit the bat.
You kill the bat!
No target in view!
No target in view!
No target in view!
No target in view!
No target in view!
No target in view!
No target in view!
No target in view!
No target in view!
No target in view!
No target in view!
No target in view!
No target in view!
No target in view!
A rat comes into view.
The rat squeaks loudly.
Things that are here:
a +0 dagger {short}; a kobold corpse; HP[+1]
Your hp is fully restored (49).
A rat is nearby!
A rat is nearby!
Terence the Incautious comes into view.
He is wielding a +0 flail.
Terence shouts!
You closely miss the rat. The rat completely misses you.
You barely miss Terence. You headbutt Terence, but do no damage.
Terence hits you with a +0 flail! You block the rat's attack.
HP[-8]
You take 8 damage, and now have 41/49 hp.
You hit Terence but do no damage. Terence hits you with a +0 flail!
The rat bites you. Terence barely misses you. The rat misses you.
HP[-11]
You take 11 damage, and now have 30/49 hp.
MASSIVE DAMAGE!! (PAUSE)
You hit Terence but do no damage. Terence hits you with a +0 flail.
The rat bites you but does no damage.
HP[-4]
You take 4 damage, and now have 26/49 hp.
You barely miss Terence. Your headbutt misses Terence.
Terence barely misses you. The rat closely misses you.
HP[+1]
You hit Terence but do no damage. Your headbutt misses Terence.
Terence barely misses you. The rat bites you but does no damage.
You barely miss Terence. Terence hits you with a +0 flail.
The rat barely misses you. You block Terence's attack. The rat bites you.
* * * LOW HITPOINT WARNING * * *
You are too injured to fight recklessly!
HP[-4]
You take 4 damage, and now have 23/49 hp.
You are too injured to fight recklessly!
You are too injured to fight recklessly!
You are too injured to fight recklessly!
You are too injured to fight recklessly!
You are too injured to fight recklessly!
You are too injured to fight recklessly!
You are too injured to fight recklessly!
You are too injured to fight recklessly!
Things that are here:
a +0 dagger {short}; a kobold corpse You barely miss Terence.
Terence hits you with a +0 flail!
* * * LOW HITPOINT WARNING * * *
HP[-8]
You take 8 damage, and now have 15/49 hp.
You hit Terence. You headbutt Terence, but do no damage.
Terence closely misses you.
HP[+1]
You hit Terence but do no damage. You block Terence's attack.
You hit Terence. Terence hits you with a +0 flail.
* * * LOW HITPOINT WARNING * * *
HP[-2]
You take 2 damage, and now have 14/49 hp.
You closely miss Terence. You headbutt Terence, but do no damage.
Terence hits you with a +0 flail.
* * * LOW HITPOINT WARNING * * *
HP[-5]
You take 5 damage, and now have 9/49 hp.
You hit Terence but do no damage. Your headbutt misses Terence.
Terence hits you with a +0 flail!
* * * LOW HITPOINT WARNING * * *
You block Terence's attack.
HP[-8]
You take 8 damage, and now have 1/49 hp.
You hit Terence but do no damage. Your punch misses Terence.
Terence hits you but does no damage.
You hit Terence but do no damage. Your headbutt misses Terence.
Terence hits you with a +0 flail!
You die...
Terence says, "Rest in peace."

Skill      XL: |  1  2  3 |
---------------+----------+-----
Fighting       | 3 4 |  4.3
Maces & Flails | 3 |  3.2
Throwing       | |  1.0
Dodging        | |  2.1
Spellcasting   | |  2.4
Translocations | |  2.6

Action                     |  1- 3 |  4- 6 || total
---------------------------+-------+-------++-------
  Melee: Mace              |   123 |    19 ||   142
         Headbutt          |    15 |     3 ||    18
 Armour: Robe              |   100 |    17 ||   117
  Dodge: Dodged            |    69 |     9 ||    78
  Block: Other             |    10 |     5 ||    15

Levels and vault maps discovered:
D:1:      dpeg_arrival_subterranean_lakeside_camping, layout_loops_ring,
          ebering_ecumenical_altar_mist
D:2:      layout_basic, hangedman_feature_mirror, minmay_circle_x, uniq_terence

Notes
Turn   | Place    | Note
-------+----------+-------------------------------------------
     0 | D:1      | zeratav the Oni Warper began the quest for the Orb.
     0 | D:1      | Reached XP level 1. HP: 22/22 MP: 3/3
     0 | D:1      | magus.rc [v1.9.6]
   105 | D:1      | Reached skill level 3 in Fighting
   112 | D:1      | Reached XP level 2. HP: 23/31 MP: 5/5
   624 | D:1      | Found a faded altar of an unknown god.
   717 | D:1      | Reached XP level 3. HP: 39/39 MP: 6/6
   941 | D:2      | Reached skill level 4 in Fighting
   941 | D:2      | Reached skill level 3 in Maces & Flails
   949 | D:2      | HP: 9/39 [adder (3)]
  1164 | D:2      | Reached XP level 4. HP: 49/49 MP: 7/7
  1170 | D:2      | Noticed Terence
  1184 | D:2      | HP: 9/49 [Terence/+0 flail (6)]
  1185 | D:2      | HP: 1/49 [Terence/+0 flail (8)]
  1187 | D:2      | Mangled by Terence

Vanquished Creatures
  2 adders (D:2)
  A ribbon worm (D:2)
  5 ball pythons
  4 endoplasms
  4 goblins
  2 hobgoblins
  5 kobolds
  2 quokkas (D:1)
  5 bats
  3 frilled lizards (D:1)
  3 rats
36 creatures vanquished.

Table legend:
 A = Non-vault XP
 B = Vault XP
 C = Vault XP percentage of total XP
 D = Non-vault monster count
 E = Vault monster count
 F = Vault count percentage of total count
                 A         B        C        D         E       F
            +---------+---------+-------+---------+---------+-------
      Total |      29 |      55 |  65.5 |      18 |      18 |  50.0
            +---------+---------+-------+---------+---------+-------
        D:1 |      25 |      10 |  28.6 |      15 |       6 |  28.6
        D:2 |       4 |      45 |  91.8 |       3 |      12 |  80.0
            +---------+---------+-------+---------+---------+-------

Skill      XL: |  1  2  3 |
---------------+----------+-----
Fighting       | 3 4 |  4.3
Maces & Flails | 3 |  3.2
Throwing       | |  1.0
Dodging        | |  2.1
Spellcasting   | |  2.4
Translocations | |  2.6

Action                     |  1- 3 |  4- 6 || total
---------------------------+-------+-------++-------
  Melee: Mace              |   123 |    19 ||   142
         Headbutt          |    15 |     3 ||    18
 Armour: Robe              |   100 |    17 ||   117
  Dodge: Dodged            |    69 |     9 ||    78
  Block: Other             |    10 |     5 ||    15

Illustrated notes

Table legend:
 A = Kills in this place as a percentage of kills in the entire game.
 B = Kills by you in this place as a percentage of kills by you in the entire game.
 C = Kills by friends in this place as a percentage of kills by friends in the entire game.
 D = Other kills in this place as a percentage of other kills in the entire game.
 E = Experience gained in this place as a percentage of experience gained in the entire game.
 F = Experience gained in this place divided by the number of levels of this place that you have seen.
                   A       B       C       D       E      F
               +-------+-------+-------+-------+-------+----------------------
         Total | 100.0 | 100.0 |   N/A |   N/A | 100.0 |  42.0
       Dungeon | 100.0 | 100.0 |   N/A |   N/A | 100.0 |  42.0
               +-------+-------+-------+-------+-------+----------------------

Table legend: (Time is in decaauts)
 A = Elapsed time spent in this place.
 B = Non-inter-level travel time spent in this place.
 C = Inter-level travel time spent in this place.
 D = Time resting spent in this place.
 E = Time spent auto-exploring this place.
 F = Levels seen in this place.
 G = Mean time per level.
                   A        B        C        D        E       F      G
               +--------+--------+--------+--------+--------+-----+--------+
         Total |   1223 |   1207 |     16 |    112 |    823 |   2 |  611.5 |
       Dungeon |   1223 |   1207 |     16 |    112 |    823 |   2 |  611.5 |
               +--------+--------+--------+--------+--------+-----+--------+

Top non-repeatable levels by time:
     D:1: 790 daAuts
     D:2: 433 daAuts
